 Dungeon Crawl Stone Soup version 0.17-a0-83-g894156c (webtiles) character file.

15021 aronpayne the Carver (level 11, -8/106 HPs)
             Began as a Minotaur Berserker on Mar 16, 2015.
             Was the Champion of Trog.
             Engulfed by a cloud of freezing vapour (13 damage)
             ... in an ice cave.
             The game lasted 01:30:10 (9678 turns).

aronpayne the Carver (Minotaur Berserker)           Turns: 9678, Time: 01:30:10

Health: -8/106     AC: 28    Str: 25    XL:     11   Next: 96%
Magic:  1/1        EV: 10    Int:  4    God:    Trog [******]
Gold:   766        SH:  0    Dex: 12    Spells: 0 memorised, 10 levels left

rFire  . . .     SeeInvis .     b - +1 great sword (antimagic)
rCold  . . .     Clarity  .     H - +10 plate armour {ponderous}
rNeg   . . .     SustAb   .     (no shield)
rPois  .         Gourm    .     (helmet restricted)
rElec  .         Spirit   .     (no cloak)
rCorr  .         Warding  .     K - +2 pair of gloves
rMut   .         Stasis   .     (no boots)
MR     .....                    (no amulet)
Stlth  ..........               G - +2 ring of dexterity
                                m - +6 ring of slaying

@: studying Fighting, slow, not resistant to hostile enchantments, extremely
unstealthy
A: retaliatory headbutt, horns 2
a: Burn Spellbooks, Berserk, Trog's Hand, Brothers in Arms, Renounce Religion


You were in an ice cave.
You worshipped Trog.
Trog was exalted by your worship.
You were not hungry.

You visited 2 branches of the dungeon, and saw 12 of its levels.
You also visited: Sewer, Ossuary, Bailey and Ice Cave.

You collected 766 gold pieces.

Inventory:

Hand weapons
 a - a +3 arbalest of flaming
 b - a +1 antimagic great sword (weapon)
 s - a +2 triple crossbow of flaming
Missiles
 N - 55 bolts (quivered)
Armour
 z - a +1 scale mail of fire resistance
 H - a +10 plate armour of ponderousness (worn)
 K - a +2 pair of gloves (worn)
Jewellery
 m - a +6 ring of slaying (left hand)
 G - a +2 ring of dexterity (right hand)
 L - a +6 ring of intelligence
Scrolls
 e - a scroll of enchant armour
 h - 6 scrolls of teleportation
 i - a scroll of identify
 j - a scroll of enchant weapon {unknown}
 p - 5 scrolls of recharging
 r - 5 scrolls of remove curse
 u - a scroll of fog
 y - 2 scrolls of noise
 I - 3 scrolls of immolation
 J - a scroll of silence
 O - a scroll of torment {unknown}
 P - 5 scrolls of magic mapping
 R - a scroll of fear {unknown}
 S - a scroll of blinking {unknown}
Potions
 d - a potion of degeneration {unknown}
 f - 3 potions of restore abilities
 g - a potion of ambrosia
 k - 2 potions of cure mutation
 l - 9 potions of curing
 n - 3 potions of agility
 t - 2 potions of might
 w - a potion of lignification {unknown}
 x - a potion of berserk rage {unknown}
 A - 5 potions of poison {unknown}
 B - 6 potions of invisibility {unknown}
 E - a potion of beneficial mutation {unknown}
 F - a potion of mutation {unknown}
 M - a potion of resistance {unknown}
 Q - 2 potions of flight {unknown}
 V - a potion of brilliance {unknown}
Books
 o - a manual of Fighting
 T - a manual of Fighting
Miscellaneous
 U - a legendary deck of wonders
Comestibles
 c - 10 bread rations
 q - a beef jerky
 v - 3 meat rations
 C - 7 fruits
 D - a slice of pizza


   Skills:
 + Level 12.9 Fighting
 + Level 14.7 Long Blades
 + Level 2.5 Crossbows
 + Level 11.5 Armour
 + Level 5.8 Dodging
 + Level 2.0 Stealth


You had 10 spell levels left.
You didn't know any spells.

Dungeon Overview and Level Annotations

Branches:
Dungeon (11/15)            Temple (1/1) D:7            Lair (0/8) D:9
    Orc (0/4) D:11

Altars:
Ashenzari
Cheibriados
Dithmenos
Elyvilon
Fedhas
Gozag
Kikubaaqudgha
Makhleb
Nemelex Xobeh
Okawaru
Qazlal
Ru
Sif Muna
Trog
Vehumet
Xom
Yredelemnul
Zin
The Shining One

Shops:
D:5 [   D:9 ?[   D:10 ?

Portals:
Trove: D:10 (lose all piety)


Innate Abilities, Weirdness & Mutations

You reflexively headbutt those who attack you in melee.
You have a pair of horns on your head.


Message History

The ice statue is severely damaged.
You are engulfed in freezing vapours.
* * * LOW HITPOINT WARNING * * *
Drink which item? (? for menu, Esc to quit)
Okay, then.
You slash the ice statue!!
The ice statue's magic leaks into the air.
The ice statue is almost destroyed.
You are engulfed in freezing vapours.
* * * LOW HITPOINT WARNING * * *
You hit the ice statue but do no damage.
The ice statue is almost destroyed.
You are engulfed in freezing vapours.
The ice statue glitters chillingly in the dim dungeon light.
You slice the ice statue!!!
You destroy the ice statue!
You are engulfed in freezing vapours.
* * * LOW HITPOINT WARNING * * *
You are engulfed in freezing vapours.
You die...

##### ## ###...## .
# ##......# .#)
##...##..# ###.#
###...##...#
#..§####...####..##
#§@§##...####..####
##§§§##..###..#.##.
#§§###..##....#..#
#§.####..##..##.#.
##..#§§§(.##.§##.#
##..§§#.####..###
######## ##.##
#..## ##...#


There were no monsters in sight!

Vanquished Creatures
  An ice statue (IceCv)
  Pikel (D:9)
  2 hill giants
  An orc knight (Bailey)
  An elephant (D:9)
  The ghost of emiel the Gouger, an experienced FeTm of Cheibriados (D:7)
  A centaur skeleton (D:9)
  A troll (D:10)
  Sonja (D:10)
  A spriggan (D:7)
  10 yaks
  A shadow (D:11)
  2 humans (D:7)
  A wraith (D:6)
  A hippogriff (D:10)
  A steam dragon (D:8)
  2 wolves (IceCv)
  A mottled dragon (D:11)
  Menkaure (D:5)
  2 hungry ghosts (D:8)
  14 ice beasts
  7 ogres
  Purgy (Sewer)
  A necrophage (D:9)
  4 slaves (D:9)
  4 sky beasts
  17 orc warriors
  3 phantoms
  A crocodile (D:9)
  A gnoll sergeant (D:9)
  2 centaurs
  2 big kobolds
  Blork the orc (D:5)
  2 wyvern zombies
  7 giant frogs
  2 water moccasin zombies (Ossuary)
  A wyvern skeleton (D:6)
  5 scorpions
  8 wights
  A water moccasin skeleton (D:8)
  7 crimson imps
  5 goliath beetles
  2 giant frog zombies (D:8)
  3 centaur zombies
  7 hounds
  3 jellies
  11 orc priests
  17 orc wizards
  3 iguanas
  A sheep (D:9)
  8 worker ants
  6 big kobold zombies (Ossuary)
  Ijyb (D:6)
  2 mummies (Ossuary)
  A worker ant zombie (D:11)
  11 adders
  13 gnolls
  A shadow imp (D:9)
  6 worms
  An adder skeleton (D:7)
  4 adder zombies
  2 giant geckos
  An ooze (D:2)
  59 orcs
  17 bats
  A bat zombie (D:6)
  5 gnoll zombies (Ossuary)
  16 goblins
  15 hobgoblins
  12 jackals
  5 quokkas
  5 ball pythons
  6 giant cockroaches
  7 giant newts
  A giant spore (D:9)
  5 hobgoblin zombies (Ossuary)
  24 kobolds
  4 kobold zombies (Ossuary)
  5 orc zombies (Ossuary)
  A quokka zombie (D:9)
  17 rats
438 creatures vanquished.

Vanquished Creatures (others)
  2 yaks (IceCv)
  3 wolves (IceCv)
  A kobold (D:3)
6 creatures vanquished.

Grand Total: 444 creatures vanquished

Notes
Turn   | Place    | Note
--------------------------------------------------------------
     0 | D:1      | aronpayne, the Minotaur Berserker, began the quest for the Orb.
     0 | D:1      | Reached XP level 1. HP: 19/19 MP: 1/1
   189 | D:1      | Reached XP level 2. HP: 27/27 MP: 1/1
   319 | D:1      | Reached skill level 4 in Fighting
   364 | D:1      | Found a sparkling altar of Nemelex Xobeh.
   490 | D:1      | Acquired Trog's second power
   674 | D:2      | Reached XP level 3. HP: 26/33 MP: 2/2
  1046 | D:2      | Reached XP level 4. HP: 41/41 MP: 2/2
  1422 | D:3      | Reached skill level 5 in Long Blades
  1432 | D:3      | Found a white marble altar of Elyvilon.
  1504 | D:3      | Reached XP level 5. HP: 47/47 MP: 2/2
  1791 | D:3      | Found a burning altar of Makhleb.
  2008 | D:4      | Noticed an ogre
  2013 | D:4      | Noticed an ogre
  2013 | D:4      | Killed an ogre
  2022 | D:4      | Killed an ogre
  2023 | D:4      | Reached skill level 5 in Fighting
  2104 | D:4      | Noticed a phantom
  2113 | D:4      | Killed a phantom
  2251 | D:4      | Reached XP level 6. HP: 52/56 MP: 3/3
  2294 | D:4      | Reached skill level 6 in Long Blades
  2295 | D:4      | Acquired Trog's third power
  2625 | D:4      | Reached XP level 7. HP: 58/61 MP: 3/3
  2798 | D:5      | Entered Level 5 of the Dungeon
  2857 | D:5      | Reached skill level 7 in Long Blades
  2862 | D:5      | Noticed Blork the orc
  2869 | D:5      | Killed Blork the orc
  2869 | D:5      | Reached skill level 5 in Armour
  2874 | D:5      | Noticed Menkaure
  2882 | D:5      | Killed Menkaure
  2882 | D:5      | Reached skill level 1 in Stealth
  2996 | D:5      | Found a shadowy altar of Dithmenos.
  3116 | D:5      | Found an ancient bone altar of Kikubaaqudgha.
  3234 | D:5      | Reached XP level 8. HP: 68/71 MP: 3/3
  3270 | D:5      | Reached skill level 8 in Long Blades
  3611 | D:5      | Found Nipyonn's Antique Armour Shoppe.
  4089 | D:6      | Reached skill level 9 in Long Blades
  4261 | D:6      | Reached XP level 9. HP: 76/80 MP: 4/4
  4332 | D:6      | Noticed Ijyb
  4336 | D:6      | Killed Ijyb
  4336 | D:6      | Reached skill level 5 in Dodging
  4364 | D:6      | Found a sacrificial altar of Ru.
  4722 | D:6      | Found a glowing drain.
  4727 | Sewer    | Entered a sewer
  4741 | Sewer    | Received a gift from Trog
  4815 | Sewer    | Noticed Purgy
  4819 | Sewer    | Killed Purgy
  5000 | D:7      | Found a staircase to the Ecumenical Temple.
  5027 | D:7      | Noticed emiel's ghost (experienced FeTm)
  5032 | D:7      | Killed emiel's ghost
  5032 | D:7      | Reached skill level 10 in Long Blades
  5050 | Temple   | Entered the Ecumenical Temple
  5543 | D:7      | Found a glowing golden altar of the Shining One.
  5715 | D:7      | Found a deep blue altar of Sif Muna.
  5769 | D:7      | Found an iron altar of Okawaru.
  5781 | D:7      | Reached XP level 10. HP: 83/91 MP: 1/4
  5883 | D:7      | Received a gift from Trog
  5883 | D:7      | Reached skill level 11 in Long Blades
  6004 | D:8      | Found a sand-covered staircase.
  6012 | Ossuary  | Entered an ossuary
  6434 | D:8      | Found an opulent altar of Gozag.
  6534 | D:8      | Reached skill level 10 in Fighting
  6656 | D:9      | Found a shimmering altar of Xom.
  6700 | D:9      | Found Oliuril's Armour Emporium.
  6715 | D:9      | Reached skill level 12 in Long Blades
  6859 | D:9      | Noticed Pikel
  6861 | D:9      | Killed Pikel
  6940 | D:9      | Found Kemeefe's Magic Scroll Emporium.
  7009 | D:9      | Reached skill level 10 in Armour
  7086 | D:9      | Found a staircase to the Lair.
  7087 | D:9      | Noticed an elephant
  7103 | D:9      | Killed an elephant
  7131 | D:9      | Reached skill level 13 in Long Blades
  7615 | D:9      | Reached XP level 11. HP: 101/101 MP: 1/4
  7676 | D:10     | Entered Level 10 of the Dungeon
  7682 | D:10     | Received a gift from Trog
  7733 | D:10     | Noticed a hill giant
  7737 | D:10     | Killed a hill giant
  7825 | D:10     | Found a flagged portal.
  7848 | Bailey   | Entered a bailey
  8230 | Bailey   | Reached skill level 1 in Crossbows
  8417 | D:10     | Found Naok's Magic Scroll Shoppe.
  8433 | D:10     | Found a portal to a secret trove of treasure.
  8562 | D:10     | Received a gift from Trog
  8722 | D:10     | Noticed Sonja
  8726 | D:10     | Killed Sonja
  9161 | D:11     | Noticed a hill giant
  9166 | D:11     | Killed a hill giant
  9166 | D:11     | Reached skill level 14 in Long Blades
  9324 | D:11     | Found a staircase to the Orcish Mines.
  9329 | D:11     | Found a frozen archway.
  9399 | IceCv    | Entered an ice cave
  9668 | IceCv    | Noticed an ice statue
  9677 | IceCv    | Killed an ice statue
  9677 | IceCv    | HP: 5/106 [something (8)]
  9678 | IceCv    | Engulfed by a cloud of freezing vapour

Action                   |  1- 3 |  4- 6 |  7- 9 | 10-12 || total
-------------------------+-------+-------+-------+-------++-------
Melee: Falchion          |    61 |    99 |   136 |       ||   296
       Great sword       |       |       |    73 |   354 ||   427
 Fire: Arbalest          |       |       |       |    17 ||    17
       Triple crossbow   |       |       |       |     2 ||     2
Invok: Trog's Hand       |       |     2 |     1 |     1 ||     4
       Berserk           |       |     1 |     1 |     2 ||     4
       Burn Spellbooks   |       |       |     1 |     1 ||     2
  Use: Scroll            |       |       |       |    20 ||    20
       Potion            |       |       |       |     3 ||     3
  Eat: Beef jerky        |       |     1 |       |     1 ||     2
       Bread ration      |       |     1 |     3 |       ||     4
       Chunk             |       |     1 |     1 |       ||     2
       Royal jelly       |       |       |       |     1 ||     1
       Pizza             |       |       |       |     3 ||     3
       Meat ration       |       |       |       |     1 ||     1
